 Dungeon Crawl Stone Soup version 0.31-a0-210-gccc998df9b (webtiles) character file.

Game seed: 10640056844103504726

77 Dittersdorf the Shield-Bearer (level 4, 0/29 HPs)
             Began as a Gargoyle Fighter on June 29, 2023.
             Slain by a gnoll
             ... wielding a +0 flail
              (4 damage)
             ... on level 1 of the Dungeon.
             The game lasted 00:02:05 (1646 turns).

Dittersdorf the Shield-Bearer (Gargoyle Fighter)    Turns: 1646, Time: 00:02:06

Health: 0/29       AC: 14    Str: 21    XL:     4   Next: 33%
Magic:  4/4        EV:  7    Int:  9    God:
Gold:   144        SH:  9    Dex:  9    Spells: 3/3 levels left

rFire   . . .        a - +0 flail
rCold   . . .        c - +0 buckler
rNeg    + . .        m - +0 chain mail
rPois   ∞            (no helmet)
rElec   +            b - +0 cloak
rCorr   .            (no gloves)
SInv    .            (no boots)
Will    .....        l - amulet of reflection Stlth
                     (no ring)
HPRegen 0.24/turn    (no ring)
MPRegen 0.09/turn

%: reflection
@: no status effects
A: sickness immunity, AC +3, negative energy resistance 1, electricity
resistance, torment resistance 1, petrification resistance
a: no special abilities


You were on level 1 of the Dungeon.
You visited 1 branch of the dungeon, and saw 2 of its levels.

You collected 144 gold pieces.

Inventory:

Hand Weapons
 a - a +0 flail (weapon)
Missiles
 j - 3 poisoned darts
Armour
 b - a +0 cloak (worn)
 c - a +0 buckler (worn)
 m - a +0 chain mail (worn)
Jewellery
 l - an amulet of reflection (around neck)
Scrolls
 e - a scroll of identify {unknown}
 h - a scroll of teleportation {unknown}
 i - a scroll of poison {unknown}
 k - a scroll of fear {unknown}
 n - a scroll of revelation {unknown}
Potions
 d - a potion of might
 f - a potion of haste {unknown}
 g - 2 potions of heal wounds {unknown}
 o - a potion of ambrosia {unknown}


   Skills:
 + Level 3.9 Fighting
 + Level 2.8 Maces & Flails
 + Level 3.9 Armour
 + Level 4.0 Shields


You had 3 spell levels left.
You didn't know any spells.
Your spell library contained the following spells:

 Spells                   Type           Power      Damage    Failure   Level
 Ignite Poison            Fire/Tmut/Pois 0%         N/A       100%        3
 Freezing Cloud           Conj/Ice/Air   0%         6-21      100%        5
 Cigotuvi's Dreadful Rot  Necr/Pois/Air  Unusable   N/A       N/A         2

Dungeon Overview and Level Annotations

Branches:
Dungeon (2/15)

Altars:

Shops:
D:1 !!


Innate Abilities, Weirdness & Mutations

You are immune to sickness and miasma.
Your stone body is resilient. (AC +3)
You are immune to poison.
You resist negative energy. (rN+)
You are resistant to electric shocks. (rElec)
You are resistant to unholy torment.
You are immune to petrification.


Message History

a +0 whip; a kobold corpse You closely miss the frilled lizard.
The frilled lizard bites you. You block the frilled lizard's attack.
You barely miss the frilled lizard. You block the frilled lizard's attack.
You closely miss the frilled lizard. You block the frilled lizard's attack.
You barely miss the frilled lizard.
The frilled lizard bites you but does no damage.
The frilled lizard barely misses you.
You hit the frilled lizard.
You kill the frilled lizard!
You hit the gnoll.
The gnoll is lightly wounded.
You block the gnoll's attack. The gnoll hits you with a +0 flail.
You hit the gnoll.
The gnoll is lightly wounded.
The gnoll barely misses you.
The gnoll hits you from afar with a +0 halberd!
The gnoll hits you but does no damage.
The gnoll hits you from afar with a +0 halberd!
* * * LOW HITPOINT WARNING * * *
You are too injured to fight recklessly!
There is a stone staircase leading up here.
You block the gnoll's attack.
You climb upwards.
There is a stone staircase leading down here.
You completely miss the gnoll.
The gnoll is lightly wounded.
You block the gnoll's attack.
You completely miss the gnoll.
The gnoll is lightly wounded.
The gnoll hits you but does no damage.
You barely miss the gnoll.
The gnoll is lightly wounded.
You block the gnoll's attack.
You hit the gnoll but do no damage.
The gnoll is lightly wounded.
The gnoll hits you with a +0 flail.
* * * LOW HITPOINT WARNING * * *
The gnoll hits you with a +0 flail.
You die...

#.#.# #†# #.#.# #.######
###.#.########......##
##...........######...##
#####....∩.......# #.....#.##
....#..#.#.#####.# #..##.##.#
###.#..#.#....##.###..##.##.#
#.#..#.###...g......##.##.#
###.#..#.# #..##@###.....#..#
.........###.#.#.# ####...#.#
######.####.###..# ##.##.#
######.....## ##.#######.##(#
........#.## ##..>.....##.#
♣♣♣♣♣♣..##.## ##..#######...#
♣♣P♣÷♣..###.###.#...........#
P.#####.####.#....#######.#.#
PP#...#.......##..# #.#.#


You could see a gnoll.

Vanquished Creatures
  An adder (D:2)
  A gnoll (D:1)
  A worm (D:2)
  2 dart slugs
  11 ball pythons
  2 endoplasms
  2 giant cockroaches
  2 goblins (D:2)
  4 hobgoblins
  3 jackals (D:2)
  8 bats
  6 frilled lizards
  6 kobolds
  2 rats (D:1)
51 creatures vanquished.

Notes
Turn   | Place    | Note
-------+----------+-------------------------------------------
     0 | D:1      | Dittersdorf the Gargoyle Fighter began the quest for the
                  | Orb.
     0 | D:1      | Reached XP level 1. HP: 14/14 MP: 1/1
   111 | D:1      | Reached XP level 2. HP: 19/19 MP: 2/2
   206 | D:1      | Found Ruw Cuh's Distillery.
   255 | D:1      | You fall into a shaft and drop 1 floor!
   371 | D:1      | Found a faded altar of an unknown god.
   419 | D:1      | Found Togrent's Distillery.
   628 | D:1      | Reached XP level 3. HP: 20/24 MP: 3/3
  1150 | D:2      | Reached XP level 4. HP: 29/29 MP: 4/4
  1450 | D:2      | Reached skill level 4 in Shields
  1646 | D:1      | Slain by a gnoll

Illustrated notes

Levels and vault maps discovered:
D:1:      giann_horns, layout_loops_ring, dilly_ecumenical_altar_fadedgnrine,
          serial_shops, shop, nicolae_shop_hallway_stairs
D:2:      layout_basic, kennysheep_generic_room_16

Skill      XL: |  1  2  3  4 |
---------------+-------------+-----
Shields        | 4 |  4.0
Fighting       | |  3.9
Maces & Flails | |  2.8
Armour         | |  3.9

Action                     |  1- 3 |  4- 6 || total
---------------------------+-------+-------++-------
  Melee: Flail             |   145 |    78 ||   223
 Armour: Scale mail        |    59 |       ||    59
         Chain mail        |    14 |    44 ||    58
  Dodge: Dodged            |    60 |    25 ||    85
  Block: Buckler           |    51 |    48 ||    99
         Reflection        |     1 |       ||     1

Table legend: (Time is in decaauts)
 A = Elapsed time spent in this place.
 B = Non-inter-level travel time spent in this place.
 C = Inter-level travel time spent in this place.
 D = Time resting spent in this place.
 E = Time spent auto-exploring this place.
 F = Levels seen in this place.
 G = Mean time per level.
                   A        B        C        D        E       F      G
               +--------+--------+--------+--------+--------+-----+--------+
         Total |   1716 |   1652 |     64 |     38 |   1093 |   2 |  858.0 |
       Dungeon |   1716 |   1652 |     64 |     38 |   1093 |   2 |  858.0 |
               +--------+--------+--------+--------+--------+-----+--------+

Top non-repeatable levels by time:
     D:1: 950 daAuts
     D:2: 765 daAuts
